 Dungeon Sprint DCSS version 0.29-a0-194-g6e3aafee17 (webtiles) character file.

Game seed: 10131722994548809474

5714 Zeldest the Fighter (level 10, -1/91 HPs)
             Began as a Demonspawn Transmuter on Feb 22, 2022.
             Was the Champion of Cheibriados.
             Slain by a catoblepas (4 damage)
             ... while petrified by a catoblepas
             ... in the Dungeon (Sprint IX: "|||||||||||||||||||||||||||||").
             The game lasted 00:05:46 (738 turns).

Zeldest the Fighter (Demonspawn Transmuter)          Turns: 738, Time: 00:05:47

Health: -1/91      AC:  7    Str: 29    XL:     10   Next: 48%
Magic:  0/19       EV:  2    Int: 30    God:    Cheibriados [******]
Gold:   0          SH:  0    Dex: 35    Spells: 16/19 levels left

rFire   . . .      SeeInvis .     - Unarmed
rCold   . . .      Faith    .   (no shield)
rNeg    + + +      Spirit   +   d - +0 steam dragon scales
rPois   ∞          Reflect  .   (helmet restricted)
rElec   .          Harm     .   (cloak unavailable)
rCorr   .          Rampage  .   j - +0 pair of gloves
Will    .....      NoTele   +   i - +0 pair of boots
Stlth   +++.......              (no amulet)
HPRegen 0.25/turn               l - +3 ring of dexterity
MPRegen 0.32/turn               m - +3 ring of dexterity

@: petrified, wereblooded, slowed, very slow
A: hooves 2, horns 1, magic shield, magic regeneration, weakness stinger 3
a: Renounce Religion, Bend Time, Temporal Distortion, Slouch, Step From Time


You were in the Dungeon.
You worshipped Cheibriados.
Cheibriados was exalted by your worship.
You visited 1 branch

Inventory:

Armour
 a - a +0 robe
 d - +0 steam dragon scales (worn)
 i - a +0 pair of boots (worn)
 j - a +0 pair of gloves (worn)
 k - a +1 chain mail
Jewellery
 l - a +3 ring of dexterity (left hand)
 m - a +3 ring of dexterity (right hand)
Scrolls
 f - 2 scrolls of amnesia
 g - 2 scrolls of blinking
 o - 2 scrolls of enchant armour
 p - 2 scrolls of fear
 q - a scroll of fog
Potions
 b - 4 potions of curing
 c - a potion of heal wounds
 e - 4 potions of magic
 n - a potion of brilliance


   Skills:
 + Level 12.7 Fighting
 + Level 2.3 Armour
 + Level 5.7 Dodging
 + Level 12.0 Unarmed Combat
 - Level 5.0 Spellcasting
 + Level 11.8 Transmutations
 + Level 12.6 Invocations


You had 16 spell levels left.
You knew the following spells:

 Your Spells              Type           Power      Damage    Failure   Level
a - Beastly Appendage     Tmut           100%       N/A       1%          1
b - Wereblood             Tmut           68%        N/A       1%          2

Your spell library contained the following spells:

 Spells                   Type           Power      Damage    Failure   Level
 Spider Form              Tmut/Pois      43%        N/A       1%          3
 Ice Form                 Ice/Tmut       43%        N/A       4%          4


Dungeon Overview and Level Annotations

Branches:
Dungeon (1/1)

Altars:
Cheibriados
Dithmenos
Elyvilon
Fedhas
Gozag
Hepliaklqana
Kikubaaqudgha
Makhleb
Nemelex Xobeh
Okawaru
Qazlal
Ru
Sif Muna
Trog
Uskayaw
Vehumet
Wu Jian
Xom
Yredelemnul
Zin
The Shining One
Beogh
Jiyva
Lugonu


Innate Abilities, Weirdness & Mutations

You have hoof-like feet.
You have a pair of small horns on your head.
When hurt, damage is shared between your health and your magic reserves.
You regenerate magic rapidly.
You have a sharp stinger which inflicts weakening toxins.


Message History

You completely miss the catoblepas. You punch the catoblepas.
The catoblepas is moderately wounded.
You are engulfed in calcifying dust.
You are slowing down.
The catoblepas breathes a plume of calcifying dust at you.
The blast of calcifying dust hits you!
The catoblepas breathes a plume of calcifying dust at you.
The blast of calcifying dust hits you.
Unknown command.
Unknown command.
Unknown command.
Unknown command.
Unknown command.
You punch the catoblepas!
You tail-slap the catoblepas, but do no damage.
The catoblepas is heavily wounded.
You are engulfed in calcifying dust.
The catoblepas gores you!
A polar bear comes into view.
Your limbs are stiffening.
Unknown command.
Unknown command.
Unknown command.
The polar bear growls angrily.
You punch the catoblepas!
You headbutt the catoblepas, but do no damage.
The catoblepas is heavily wounded.
You are engulfed in calcifying dust.
Your limbs have turned to stone.
The catoblepas gores you. The catoblepas gores you!!
* * * LOW HITPOINT WARNING * * *
You have turned to stone.
You are engulfed in calcifying dust.
The catoblepas gores you!!
* * * LOW HITPOINT WARNING * * *
You are engulfed in calcifying dust.
The catoblepas gores you.
* * * LOW HITPOINT WARNING * * *
A black mamba comes into view.
The catoblepas gores you but does no damage.
The catoblepas gores you!!
* * * LOW HITPOINT WARNING * * *
The catoblepas gores you!
You die...

▓▓▓▓▓▓▓▓▓▓▓▓▓▓▓▓▓▓▓▓▓▓▓▓▓▓
...S.hwYY@.....÷'÷....(().
▓▓▓▓▓▓▓▓▓▓▓▓▓▓▓▓▓▓▓▓▓▓▓▓▓▓▓▓▓▓▓▓▓
..............................)..
▓▓▓▓▓▓▓▓▓▓▓▓▓▓▓▓▓▓▓▓▓▓▓▓▓▓▓▓▓▓▓▓▓
)..'________________________'....
▓▓▓▓▓▓▓▓▓▓▓▓▓▓▓▓▓▓▓▓▓▓▓▓▓▓▓▓▓▓▓▓▓


You could see a catoblepas, a torpor snail, a polar bear, a black mamba
(wandering) and a yak.

Vanquished Creatures
  Erolcha (D)
  2 hydras (D)
  A deep elf pyromancer (D)
  A manticore (D)
  An oklob plant (D)
  A cane toad (D)
  A komodo dragon (D)
  An unseen horror (D)
  A rime drake (D)
  A blink frog (D)
  3 steam dragons (D)
  An acid dragon (D)
  5 water moccasins (D)
  A black bear (D)
  An ogre (D)
  2 wolves (D)
  2 kobold brigands (D)
  A scorpion (D)
  A hound (D)
  An iguana (D)
  An adder zombie (D)
  2 endoplasms (D)
  A hobgoblin (D)
  A quokka (D)
  A frilled lizard (D)
  A giant cockroach zombie (D)
36 creatures vanquished.

Notes
Turn   | Place    | Note
-------+----------+-------------------------------------------
     0 | D        | Zeldest the Demonspawn Transmuter began the quest for the
                  | Orb.
     0 | D        | Reached XP level 1. HP: 15/15 MP: 3/3
    31 | D        | Noticed a hound
    31 | D        | Noticed a scorpion
    31 | D        | Noticed an ogre
    31 | D        | Noticed an iguana
    33 | D        | Killed an iguana
    34 | D        | Discovered your monstrous ancestry.
    34 | D        | Gained mutation: You have a small tail. [demonic ancestry]
    34 | D        | Reached XP level 2. HP: 17/23 MP: 3/6
    34 | D        | Lost mutation: You have razor-sharp toenails. [demonic
                  | ancestry]
    34 | D        | Lost mutation: You have sharp toenails. [demonic ancestry]
    34 | D        | Gained mutation: You have large cloven feet. [demonic
                  | ancestry]
    34 | D        | Reached XP level 3. HP: 21/28 MP: 3/7
    40 | D        | Killed an ogre
    41 | D        | Gained mutation: You have a tail ending in a sharp stinger.
                  | [demonic ancestry]
    41 | D        | Reached XP level 4. HP: 19/37 MP: 3/10
    43 | D        | Killed a scorpion
    44 | D        | Reached skill level 5 in Unarmed Combat
    44 | D        | Gained mutation: You have a sharp stinger which inflicts
                  | weakening toxins. [demonic ancestry]
    44 | D        | Reached XP level 5. HP: 22/43 MP: 4/12
    46 | D        | Reached skill level 5 in Fighting
    46 | D        | Reached skill level 5 in Spellcasting
    51 | D        | Found a snail-covered altar of Cheibriados.
    51 | D        | Found a shadowy altar of Dithmenos.
    51 | D        | Found a blossoming altar of Fedhas.
    51 | D        | Found an opulent altar of Gozag.
    52 | D        | Found a hazy altar of Hepliaklqana.
    53 | D        | Found a viscous altar of Jiyva.
    54 | D        | Found an ancient bone altar of Kikubaaqudgha.
    55 | D        | Became a worshipper of Cheibriados the Contemplative
    56 | D        | Found a corrupted altar of Lugonu.
    57 | D        | Found a burning altar of Makhleb.
    58 | D        | Found a sparkling altar of Nemelex Xobeh.
    59 | D        | Found an iron altar of Okawaru.
    60 | D        | Found a stormy altar of Qazlal.
    61 | D        | Found a sacrificial altar of Ru.
    62 | D        | Found a shimmering blue altar of Sif Muna.
    63 | D        | Found a bloodstained altar of Trog.
    64 | D        | Found a hide-covered altar of Uskayaw.
    65 | D        | Found a radiant altar of Vehumet.
    66 | D        | Found an ornate altar of the Wu Jian Council.
    67 | D        | Found a shimmering altar of Xom.
    68 | D        | Found a basalt altar of Yredelemnul.
   113 | D        | Learned a level 2 spell: Wereblood
   176 | D        | Noticed a steam dragon
   176 | D        | Noticed a steam dragon
   176 | D        | Noticed a steam dragon
   178 | D        | Killed a steam dragon
   179 | D        | Gained mutation: You have hoof-like feet. [demonic
                  | ancestry]
   179 | D        | Reached XP level 6. HP: 52/53 MP: 13/13
   181 | D        | Killed a steam dragon
   186 | D        | Reached * piety under Cheibriados
   193 | D        | Killed a steam dragon
   194 | D        | Gained mutation: You have a pair of small horns on your
                  | head. [demonic ancestry]
   194 | D        | Reached XP level 7. HP: 41/61 MP: 14/14
   207 | D        | Reached ** piety under Cheibriados
   228 | D        | Noticed a manticore
   228 | D        | Noticed an eight-headed hydra
   228 | D        | Noticed a komodo dragon
   228 | D        | Noticed a deep elf pyromancer
   233 | D        | Killed a deep elf pyromancer
   234 | D        | Reached skill level 5 in Invocations
   234 | D        | Gained mutation: You regenerate magic rapidly. [demonic
                  | ancestry]
   234 | D        | Reached XP level 8. HP: 61/71 MP: 12/15
   237 | D        | Killed a komodo dragon
   243 | D        | Killed an eight-headed hydra
   244 | D        | Reached skill level 10 in Fighting
   393 | D        | Reached *** piety under Cheibriados
   394 | D        | Reached skill level 10 in Unarmed Combat
   394 | D        | Gained mutation: When hurt, damage is shared between your
                  | health and your magic reserves. [demonic ancestry]
   394 | D        | Reached XP level 9. HP: 62/79 MP: 14/16
   414 | D        | Killed a manticore
   415 | D        | Reached skill level 10 in Transmutations
   423 | D        | Killed an unseen horror
   423 | D        | Reached **** piety under Cheibriados
   492 | D        | Noticed Erolcha
   501 | D        | Killed Erolcha
   502 | D        | Reached skill level 10 in Invocations
   546 | D        | Noticed a cane toad
   546 | D        | Noticed a four-headed hydra
   552 | D        | Killed a four-headed hydra
   553 | D        | Reached XP level 10. HP: 49/89 MP: 14/18
   554 | D        | Reached ***** piety under Cheibriados
   559 | D        | Killed a cane toad
   565 | D        | Noticed an oklob plant
   704 | D        | Killed an oklob plant
   704 | D        | Reached ****** piety under Cheibriados
   705 | D        | Reached skill level 1 in Armour
   705 | D        | Reached skill level 5 in Dodging
   713 | D        | Noticed a torpor snail
   713 | D        | Noticed a catoblepas
   736 | D        | Noticed a black mamba
   737 | D        | HP: 3/91 [catoblepas (10)]
   738 | D        | Slain by a catoblepas

Illustrated notes

Levels and vault maps discovered:
D:        linesprint [early_d, line_temple, items_1, d_10, items_2, lair_1,
          lair_end, items_3, orc_1, orc_end, items_4, d_15, swamp_1, shoals_1,
          snake_1, spider_1, d_20, vaults_1, items_5, swamp_end, shoals_end,
          snake_end, spider_end, vaults_end, d_27, items_6, zot_1, zot_end,
          crypt_end, forest_end, elf_end, slime_end, tomb_end, abyss_end,
          pan_hell_end]

Skill      XL: |  1  2  3  4  5  6  7  8  9 10 |
---------------+-------------------------------+-----
Dodging        | 3 4 5 |  5.7
Transmutations | 3 4 6 7 8 9 11 | 11.8
Unarmed Combat | 3 4 5 6 7 8 10 11 12 | 12.0
Fighting       | 2 4 6 7 9 10 12 | 12.7
Spellcasting   | 3 4 5 |  5.0
Invocations    | 5 8 11 12 | 12.6
Armour         | 2 |  2.3

Action                   |  1- 3 |  4- 6 |  7- 9 | 10-12 || total
-------------------------+-------+-------+-------+-------++-------
Melee: Unarmed           |    24 |    19 |    53 |    28 ||   124
       Kick              |     5 |     2 |    18 |    11 ||    36
       Headbutt          |     3 |     1 |    13 |     5 ||    22
       Tailslap          |       |     4 |    11 |     7 ||    22
       Punch             |       |     3 |     2 |     3 ||     8
 Cast: Beastly Appendage |     2 |       |     5 |     1 ||     8
       Wereblood         |       |       |     4 |     1 ||     5
Invok: Slouch            |       |       |       |     1 ||     1
Evoke: Wand              |       |     3 |     6 |     1 ||    10
  Use: Potion            |     2 |     1 |     2 |     4 ||     9
       Scroll            |       |       |     1 |       ||     1
 Stab: Invisible         |       |     4 |     1 |       ||     5
       Petrifying        |       |       |       |     1 ||     1
       Petrified         |       |       |       |     1 ||     1
Armor: Chain mail        |       |     4 |     4 |       ||     8
       Steam dragon scal |       |       |    12 |     3 ||    15
Dodge: Dodged            |    14 |     5 |    41 |    10 ||    70

Table legend: (Time is in decaauts)
 A = Elapsed time spent in this place.
 B = Non-inter-level travel time spent in this place.
 C = Inter-level travel time spent in this place.
 D = Time resting spent in this place.
 E = Time spent auto-exploring this place.
 F = Levels seen in this place.
 G = Mean time per level.
                   A        B        C        D        E       F      G
               +--------+--------+--------+--------+--------+-----+--------+
         Total |   1025 |   1025 |      0 |      0 |      0 |   1 | 1025.0 |
       Dungeon |   1025 |   1025 |      0 |      0 |      0 |   1 | 1025.0 |
               +--------+--------+--------+--------+--------+-----+--------+

Top non-repeatable levels by time:
       D: 1025 daAuts
